AoeStats
← HairlessRex3750

Arabia

508751169Analyzed
1v1 RM · 9d ago on Sep 23, 2026· 42m 18s· 2 players
Game mode
Random Map
Map size
Tiny (2 player)
Population
200
Speed
Normal
Resources
Standard
Victory
Conquest
Starting age
Dark Age
Ending age
Imperial Age
RankedLock teamsTeams togetherTeam positionsShared explorationLock speedFull tech treeHidden civsTurbo modeCheats
Victory
Defeat
🇫🇷 Inca · France
1140
+15
🇦🇷 Cumans · Argentina
1119
-15
HairlessRex3750
5:47 Loom
9:09 Feudal Age
10:19 Double-Bit Axe
10:16 Horse Collar
16:28 Fletching
16:46 Gold Mining
19:02 Wheelbarrow
20:27 Padded Archer Armor
24:46 Castle Age
25:25 Bodkin Arrow
24:52 Crossbowman
25:37 Thumb Ring
27:24 Ballistics
27:52 Leather Archer Armor
27:36 Town Watch
28:07 Hand Cart
Yagatan
6:58 Loom
9:35 Feudal Age
9:37 Champi Runner
11:24 Double-Bit Axe
12:50 Arson
13:25 Forging
14:42 Scale Mail Armor
21:29 Castle Age
19:20 Horse Collar
21:42 Champi Warrior
22:31 Squires
22:50 Chain Mail Armor
23:35 Iron Casting
39:41 Wheelbarrow
39:10 Heavy Plow
40:22 Bow Saw
44:11 Imperial Age
41:57 Hand Cart
42:05 Gold Mining
42:05 Stone Mining
Connection lost

Rejoining the realm…

Still unreachable

The connection could not be restored.

Session expired

The server has moved on; the page needs a fresh start.